 Dungeon Crawl Stone Soup version 0.26.0-3-g156281e41b (webtiles) character file.

Game seed: 14392712432081426642

131598 EnegeticOcto the Reanimator (level 15, -8/118 (132) HPs)
             Began as a Deep Dwarf Necromancer on Jan 8, 2021.
             Was a High Priest of Dithmenos.
             Mangled by an eight-headed hydra simulacrum (9 damage)
             ... on level 4 of the Swamp on Jan 9, 2021.
             The game lasted 02:09:42 (44710 turns).

EnegeticOcto the Reanimator (DDNe)                 Turns: 44710, Time: 02:09:43

HP:   -8/118 (132)  AC: 19    Str: 10    XL:     15   Next: 89%
MP:   15/28         EV: 15    Int: 27    God:    Dithmenos [*****.]
Gold: 444           SH:  7    Dex: 27    Spells: 8/34 levels left

rFire    . . .     SeeInvis +   T - staff of cold
rCold    + . .     Faith    .   k - +0 buckler
rNeg     + . .     Spirit   .   y - +4 scale mail of Recklessness {Int+3 Dex+6 SInv}
rPois    +         Reflect  .   n - +2 helmet {Int+3}
rElec    .         Harm     .   j - scarf {repulsion}
rCorr    +         Rampage  .   Q - +2 pair of gloves
Will     ++...                  (no boots)
Stlth    +++++++++.             P - amulet of the acrobat
HPRegen  0.00/turn              L - ring of Impatience {+Inv rPois rCorr Str-3 Dex+8}
MPRegen  0.21/turn              Z - ring of stealth

@: about to teleport, marked, non-regenerating, wreathed by umbra, heavily
drained, repel missiles
A: damage resistance, heal wounds, negative energy resistance 1, sense
surroundings 2, wild magic 1, no regeneration
}: 2/15 runes: decaying, serpentine
a: Heal Wounds, Renounce Religion, Evoke Invisibility, Shadow Step, Shadow Form


You were on level 4 of the Swamp.
You worshipped Dithmenos.
Dithmenos was extremely pleased with you.
You visited 6 branches of the dungeon, and saw 32 of its levels.
You also visited: Sewer.

You collected 2287 gold pieces.
You spent 1843 gold pieces at shops.

Inventory:

Hand Weapons
 b - a +2 vampiric dagger
   (You took it off an orc wizard on level 2 of the Orcish Mines)
 U - the +9 hand axe of Calamity {protect, Int+9}
   (You found it on level 4 of the Dungeon)

   It grants its wielder temporary protection when it strikes (+7 to AC).
   It affects your intelligence (+9).
Missiles
 I - 4 throwing nets {!f}
 V - 11 curare-tipped darts
Armour
 j - a scarf of repulsion (worn)
   (You found it on level 2 of the Dungeon)
 k - a +0 buckler (worn)
   (You took it off a spriggan on level 11 of the Dungeon)
 n - a +2 helmet of intelligence (worn)
   (You acquired it on level 2 of the Lair of Beasts)
 s - a +0 kite shield of reflection
   (You found it on level 8 of the Dungeon)
 y - the +4 scale mail of Recklessness (worn) {Int+3 Dex+6 SInv}
   (You bought it in a shop on level 2 of the Orcish Mines)

   It affects your intelligence (+3).
   It affects your dexterity (+6).
   It lets you see invisible.
 Q - a +2 pair of gloves (worn)
   (You found it on level 10 of the Dungeon)
Magical Staves
 a - an uncursed staff of death
   (You found it on level 10 of the Dungeon)
 T - an uncursed staff of cold (weapon)
   (You found it on level 7 of the Dungeon)
Jewellery
 v - an uncursed amulet of magic regeneration
   (You found it on level 11 of the Dungeon)
 w - an uncursed ring of magical power
   (You found it on level 4 of the Lair of Beasts)
 D - the amulet of Cakkoz {Inacc rF++ rN+}
   (You bought it in a shop on level 2 of the Orcish Mines)

   [amulet of inaccuracy]

   It reduces the accuracy of all your attacks.
   It greatly protects you from fire.
   It protects you from negative energy.
 L - the ring of Impatience (left hand) {+Inv rPois rCorr Str-3 Dex+8}
   (You found it on level 9 of the Dungeon)

   [ring of resist corrosion]

   It affects your strength (-3).
   It affects your dexterity (+8).
   It protects you from poison.
   It lets you turn invisible.
   It provides partial protection from all sources of acid and corrosion.
 P - an amulet of the acrobat (around neck)
   (You found it on level 10 of the Dungeon)
 W - an uncursed ring of ice
   (You took it off Fannar on level 11 of the Dungeon)
 X - a +6 ring of strength
   (You found it on level 1 of the Lair of Beasts)
 Z - a ring of stealth (right hand)
   (You bought it in a shop on level 2 of the Snake Pit)
Wands
 f - a wand of polymorph (13)
   (You found it on level 11 of the Dungeon)
 G - a wand of digging (1) {@v3}
   (You took it off Pikel on level 7 of the Dungeon)
 K - a wand of random effects (19)
   (You took it off an orc wizard on level 8 of the Dungeon)
 N - a wand of paralysis (29)
   (You found it on level 2 of the Lair of Beasts)
 Y - a wand of disintegration (12)
   (You found it on level 1 of the Snake Pit)
Scrolls
 c - 6 scrolls of remove curse {@r2}
 h - a scroll of blinking {@r4}
 i - a scroll of teleportation {@r3 !r}
 r - a scroll of enchant armour
 u - a scroll of amnesia
 x - 2 scrolls of fear {!r}
 z - a scroll of fog {!r}
 B - 4 scrolls of magic mapping {@r5 !r}
 H - 3 scrolls of identify {@r1}
 O - a scroll of holy word
 S - a scroll of torment
Potions
 d - 12 potions of flight
 e - 5 potions of haste {@q4 !q}
 g - 2 potions of berserk rage
 l - 5 potions of cancellation
 m - 2 potions of resistance
 o - 4 potions of attraction
 p - 2 potions of invisibility
 q - 10 potions of curing {@q1 !q}
 t - 5 potions of brilliance
 A - 13 potions of heal wounds {@q2 !q}
 C - 6 potions of might {@q3 !q}
 E - 2 potions of lignification {@q6}
 F - 3 potions of ambrosia
 J - a potion of mutation
 M - 2 potions of magic
Miscellaneous
 R - a tin of tremorstones (inert)
   (You found it on level 2 of the Lair of Beasts)


   Skills:
 + Level 8.3 Fighting
 - Level 4.2 Short Blades
 - Level 10.0 Armour
 + Level 8.1 Dodging
 - Level 12.0 Stealth
 - Level 5.0 Shields
 + Level 10.1 Spellcasting
 - Level 12.0 Necromancy
 + Level 9.3 Translocations
 + Level 7.7 Earth Magic
 - Level 12.0 Invocations
 - Level 12.0 Evocations


You had 8 spell levels left.
You knew the following spells:

 Your Spells              Type           Power        Failure   Level
a - Pain                  Necr           100%         1%          1
b - Vampiric Draining     Necr           40%          1%          3
c - Agony                 Necr           80%          7%          5
d - Petrify               Tmut/Erth      45%          45%         4
e - Apportation           Tloc           100%         1%          1
f - Animate Dead          Necr           40%          2%          4
g - Summon Small Mammal   Summ           68%          28%         1
M - Borgnjor's Vile Clut  Necr/Erth      36%          14%         5
Y - Blink                 Tloc           N/A          1%          2

Your spell library contained the following spells:

 Spells                   Type           Power        Failure   Level
 Animate Skeleton         Necr           100%         1%          1
 Gell's Gravitas          Tloc           35%          2%          3
 Lesser Beckoning         Tloc           35%          2%          3
 Beastly Appendage        Tmut           34%          28%         1
 Corona                   Hex            18%          28%         1
 Magic Dart               Conj           68%          28%         1
 Call Imp                 Summ           17%          38%         2
 Ensorcelled Hibernation  Hex/Ice        52%          38%         2
 Slow                     Hex            17%          38%         2
 Wereblood                Tmut           17%          38%         2
 Confusing Touch          Hex            17%          61%         3
 Conjure Flame            Conj/Fire      17%          61%         3
 Dazzling Flash           Conj/Hex       34%          61%         3
 Mephitic Cloud           Conj/Pois/Air  17%          61%         3
 Spider Form              Tmut/Pois      8%           61%         3
 Tukima's Dance           Hex            17%          61%         3
 Hailstorm                Conj/Ice       26%          93%         4
 Ice Form                 Ice/Tmut       26%          93%         4
 Sticky Flame             Conj/Fire      17%          93%         4
 Alistair's Intoxication  Tmut/Pois      11%          100%        5
 Blade Hands              Tmut           8%           100%        5
 Metabolic Englaciation   Hex/Ice        13%          100%        5
 Silence                  Hex/Air        8%           100%        5
 Yara's Violent Unravell  Hex/Tmut       8%           100%        5
 Freezing Cloud           Conj/Ice/Air   13%          100%        6
 Invisibility             Hex            17%          100%        6
 Shadow Creatures         Summ           N/A          100%        6


Dungeon Overview and Level Annotations

Branches:
Dungeon (15/15)            Temple (1/1) D:6            Lair (6/6) D:10
  Swamp (4/4) Lair:2        Snake (4/4) Lair:3          Orc (2/2) D:12
    Elf (0/3) Orc:2         Sewer (visited)
  Slime: Lair:5-6    Vaults: D:13-14     Depths: D:15

Altars:
Ashenzari
Cheibriados
Dithmenos
Elyvilon
Gozag
Hepliaklqana
Makhleb
Nemelex Xobeh
Okawaru
Qazlal
Ru
Sif Muna
Trog
Uskayaw
Wu Jian
Xom
Yredelemnul
Zin
The Shining One
Beogh

Shops:
D:9 (!   D:12 ?   Orc:1 !   Orc:2 *[=(   Snake:2 ==}

Portals:
Trove: D:12 (give +4 fire dragon scales)

Annotations:
D:3 Grinder
D:7 Menkaure
D:9 exclusion: two-headed ogre
D:10 exclusions: oklob plant and 1 more exclusion, Snorg
D:11 exclusion: door
D:12 exclusions: shadow and two-headed ogre, Gastronok
Lair:1 exclusions: 2 blink frogs, bullfrog, cane toad and 2 komodo dragons
Lair:3 exclusions: death yak, komodo dragon, wyvern and 5 more exclusions
Lair:5 1 runed translucent door, Qeimiotua's ghost, journeyman MiFi
Snake:2 exclusion: naga mage


Innate Abilities, Weirdness & Mutations

You are resistant to damage.
You can heal yourself by infusing magical energy.
You resist negative energy. (rN+)
You passively map the area around you.
You do not regenerate.
Your spells are a little harder to cast, but a little more powerful.


Message History

The death drake zombie completely misses you.
Unknown command.
Found a potion of ambrosia and a decaying rune of Zot.
Casting: Blink (safe; 1% risk of failure)
Confirm with . or Enter, or press ? or * to list all spells.
Aiming: Apportation (safe; 1% risk of failure)
Press: ? - help, Dir - move target Apport: a decaying rune of Zot You feel an extremely numb sensation.
Yoink!
You pull the item towards yourself.
The death drake zombie barely misses you.
Casting: Apportation (safe; 1% risk of failure)
Confirm with . or Enter, or press ? or * to list all spells.
Aiming: Apportation (safe; 1% risk of failure)
Press: ? - help, Dir - move target Apport: a decaying rune of Zot
Okay, then.
You see here a decaying rune of Zot.
Casting: Apportation (safe; 1% risk of failure)
Confirm with . or Enter, or press ? or * to list all spells.
Aiming: Apportation (safe; 1% risk of failure)
Press: ? - help, Dir - move target Apport: a potion of ambrosia You feel an extremely numb sensation.
Yoink!
You pull the item towards yourself.
The death drake zombie completely misses you.
F - 3 potions of ambrosia (gained 1)
You pick up the decaying rune and feel its power.
You now have 2 runes.
Press } to see all the runes you have collected.
The death drake zombie misses you.
Really read
i - 3 scrolls of teleportation {@r3 !r}?
As you read the scroll of teleportation {@r3 !r}, it crumbles to dust.
You feel strangely unstable.
Your transformation is almost over.
The death drake zombie closely misses you.
You are starting to lose your buoyancy.
Your surroundings suddenly seem different.
Unknown command.
Found a robe.
A spriggan rider comes into view. It is wielding a +0 spear.
Found a scale mail.
You float gracefully downwards.
You enter the shallow water.
Moving in this stuff is going to be slow. ...and don't expect to remain undetected.
An eight-headed hydra simulacrum comes into view.
You emerge from the shadows.
A spriggan rider comes into view. It is wielding a -3 spear.
The spriggan rider hits you but does no damage.
Found 26 gold pieces.
A spriggan druid comes into view. It is wielding a +0 quarterstaff.
Evoke which item? (* to show all) (? for menu, Esc to quit)
Aiming: Disintegrate
Press: ? - help, Shift-Dir - straight line, f - eight-headed hydra simulacrum
Aim: an eight-headed hydra simulacrum (umbra, chance to affect: 93%)
The eight-headed hydra simulacrum is blasted!!!
The spriggan rider hits you from afar with a +0 spear.
A spriggan rider comes into view. It is wielding a +0 spear.
A will-o-the-wisp comes into view.
Really read
i - 2 scrolls of teleportation {@r3 !r}?
As you read the scroll of teleportation {@r3 !r}, it crumbles to dust.
You feel strangely unstable.
The spriggan rider hits you from afar with a +0 spear!
The spriggan rider completely misses you.
The will-o-the-wisp gestures.
The will-o-the-wisp conjures some foxfire!
The spriggan rider hits you from afar with a cursed -3 spear!
A foxfire comes into view.
Casting: Apportation (safe; 1% risk of failure)
Confirm with . or Enter, or press ? or * to list all spells.
Aiming: Vampiric Draining (safe; 1% risk of failure)
Press: ? - help, Shift-Dir - straight line, f - spriggan druid, p - eight-headed hydra simulacrum
Aim: a spriggan druid, wielding a +0 quarterstaff and wearing a +0 robe (umbra)
The spriggan druid is moderately wounded.
You feel life coursing into your body.
A foxfire comes into view.
The spriggan druid gestures at you while chanting.
The stone arrow hits you!!
The spriggan rider hits you from afar with a +0 spear.
A bunyip comes into view.
The spriggan rider hits you from afar with a cursed -3 spear!!
* * * LOW HITPOINT WARNING * * *
Really quaff
A - 14 potions of heal wounds {@q2 !q}?
You feel much better. The foxfire hits you!!
* * * LOW HITPOINT WARNING * * *
The foxfire hits you!!
* * * LOW HITPOINT WARNING * * *
A vampire mosquito comes into view.
The spriggan druid casts a spell at you.
The stone arrow misses you.
The spriggan rider hits you but does no damage.
A spriggan rider comes into view. It is wielding a +0 spear.
You block the eight-headed hydra simulacrum's attack. x2
The eight-headed hydra simulacrum bites you but does no damage. x2
You block the eight-headed hydra simulacrum's attack.
The eight-headed hydra simulacrum bites you.
The eight-headed hydra simulacrum freezes you!
You resist.
You die...

* ***,≈≈≈.≈≈§.≈≈.♣
≈.≈≈§§§≈≈.♣ * * ≈
♣.≈v§§≈.♣* .≈≈ ≈≈*
≈ ,♣.≈§≈≈.≈♣ *♣♣♣
≈≈ ≈ , ,
♣≈.§≈§.♣♣♣.≈.♣ . *
,,♣♣♣≈.§≈§≈♣≈.≈≈≈♣
, ,*
♣♣≈♣♣≈§§≈≈≈≈.≈♣ * *
i.♣y..i§Z§≈≈≈≈.§♣ ≈
≈≈[i.♣ii@≈≈≈≈≈..♣ ≈
≈≈≈ix≈≈.i.≈.≈≈.≈≈♣♣
* ,.≈≈≈≈..≈♣≈≈≈≈..♣
*≈≈≈≈...♣♣♣≈≈≈.♣♣
*♣.≈.§♣♣ ♣≈..♣♣
♣♣♣♣♣ ♣♣♣♣♣


You could see a bunyip, 4 spriggan riders, a spriggan druid, a will-o-the-wisp,
a vampire mosquito and an eight-headed hydra simulacrum.

Vanquished Creatures
  Vashnia (Snake:4)
  5 nagarajas (Snake:4)
  Louise (D:15)
  2 orc warlords
  Aizul (Snake:4)
  Harold (Lair:2)
  9 naga warriors (Snake:4)
  8 hydras
  Fannar (D:11)
  2 boulder beetles
  An alligator (Lair:2)
  3 anacondas
  2 death yaks
  8 naga sharpshooters (Snake:4)
  3 orc high priests (Orc:2)
  Nergalle (D:11)
  Sonja (Lair:3)
  4 sea snakes (Snake:4)
  A flayed ghost (Swamp:4)
  A goliath frog (Swamp:1)
  2 swamp dragons (Swamp:4)
  A spriggan druid (Swamp:4)
  2 unseen horrors
  A spectral hydra (Swamp:4)
  7 orc knights
  A deep elf mage (D:13)
  3 naga ritualists
  Pikel (D:7)
  4 orc sorcerers
  2 cyclopes (D:11)
  2 salamanders
  4 naga magi (Snake:4)
  Psyche (D:10)
  16 black mambas
  4 torpor snails
  3 guardian serpents (Snake:4)
  2 gargoyles
  11 cane toads
  A kobold demonologist (D:13)
  3 rime drakes
  A centaur skeleton (D:15)
  2 komodo dragons
  A polar bear (Lair:2)
  A queen bee (Orc:2)
  6 trolls
  2 tyrant leeches (Lair:2)
  A death drake zombie (Swamp:4)
  7 hornets
  A bloated husk (Swamp:3)
  A blink frog (shapeshifter) (D:14)
  22 blink frogs
  5 dream sheep (Lair:6)
  11 spriggans
  A shadow (D:12)
  27 yaks
  4 wyverns
  Grum (D:10)
  7 vampire mosquitoes
  3 basilisks
  2 steam dragons
  2 wargs
  A soldier ant (D:12)
  25 nagas
  A swamp worm (Swamp:4)
  10 water moccasins
  4 swamp drakes
  3 ice beasts
  40 orc warriors
  2 sky beasts
  A black bear (D:6)
  2 eyes of draining
  13 ogres
  12 wolves
  10 centaurs
  A swamp dragon skeleton (Swamp:4)
  5 big kobolds
  A lemure (D:7)
  17 bullfrogs
  3 scorpions
  16 killer bees
  4 wights (D:9)
  4 jellies
  5 howler monkeys
  3 electric eels
  2 centaur zombies
  2 quasits
  A bullfrog zombie (D:11)
  24 orc priests
  40 orc wizards
  5 bullfrog skeletons
  Crazy Yiuf (D:2)
  8 hounds
  Jessica (D:2)
  2 iguanas (D:10)
  8 worker ants
  A worker ant (shapeshifter) (D:15)
  A hound skeleton (D:4)
  A worker ant zombie (D:11)
  17 adders
  15 gnolls
  6 river rats (Sewer)
  3 shadow imps
  An ooze (D:1)
  A worm (D:2)
  3 dart slugs
  2 leopard geckos
  126 orcs
  5 giant cockroaches
  9 goblins
  15 hobgoblins
  11 jackals
  30 kobolds
  6 quokkas
  7 ball pythons
  12 bats
  6 frilled lizards
  A leopard gecko zombie (D:5)
  A quokka zombie (D:6)
  31 rats
823 creatures vanquished.

Vanquished Creatures (others)
  Jorgrun (Orc:1)
  An electric eel (Lair:6)
  2 orc wizards
  An orc priest (Orc:2)
  An iguana (D:4)
  A leopard gecko (D:4)
  An orc (Orc:1)
  6 briar patches (Swamp:4)
  2 foxfires (Swamp:4)
  39 fungi
  195 plants
  6 withered plants (D:15)
256 creatures vanquished.

Grand Total: 1079 creatures vanquished

Notes
Turn   | Place    | Note
-------+----------+-------------------------------------------
     0 | D:1      | EnegeticOcto the Deep Dwarf Necromancer began the quest for
                  | the Orb.
     0 | D:1      | Reached XP level 1. HP: 15/15 MP: 3/3
   170 | D:1      | Reached skill level 3 in Stealth
   170 | D:1      | Reached XP level 2. HP: 16/22 MP: 2/4
   594 | D:1      | Reached skill level 5 in Necromancy
   594 | D:1      | Reached XP level 3. HP: 19/28 MP: 2/5
  1018 | D:1      | Learned a level 3 spell: Vampiric Draining
  1228 | D:2      | Reached skill level 4 in Stealth
  1368 | D:2      | Found an opulent altar of Gozag.
  1416 | D:2      | Reached skill level 6 in Necromancy
  1416 | D:2      | Reached XP level 4. HP: 18/36 MP: 2/6
  1937 | D:2      | Noticed Jessica
  1941 | D:2      | Killed Jessica
  1942 | D:2      | Reached XP level 5. HP: 20/42 MP: 3/7
  2404 | D:2      | Found a runed translucent door.
  2405 | D:2      | Noticed Crazy Yiuf
  2411 | D:2      | Killed Crazy Yiuf
  2501 | D:3      | Reached skill level 7 in Necromancy
  3068 | D:3      | Found a bloodstained altar of Trog.
  3170 | D:3      | Noticed Grinder
  3957 | D:4      | Noticed a yak
  4123 | D:4      | Reached XP level 6. HP: 46/49 MP: 3/8
  4409 | D:4      | Reached skill level 8 in Necromancy
  4566 | D:4      | Got a masterwork hand axe
  4566 | D:4      | Identified the +9 hand axe of Calamity {protect, Int+9}
                  | (You found it on level 4 of the Dungeon)
  4815 | D:4      | Found a hazy altar of Hepliaklqana.
  4855 | D:4      | Found a shimmering altar of Xom.
  5097 | D:4      | Reached skill level 9 in Necromancy
  5097 | D:4      | Reached XP level 7. HP: 55/55 MP: 3/9
  5264 | D:4      | Noticed a yak
  5264 | D:4      | Noticed a yak
  5265 | D:4      | Noticed a yak
  5265 | D:4      | Noticed a yak
  5265 | D:4      | Noticed a yak
  5276 | D:5      | Entered Level 5 of the Dungeon
  5457 | D:5      | Found a snail-covered altar of Cheibriados.
  5652 | D:5      | Reached skill level 10 in Necromancy
  5652 | D:5      | Reached skill level 2 in Spellcasting
  5652 | D:5      | Reached skill level 1 in Evocations
  5670 | D:5      | Reached skill level 1 in Fighting
  5852 | D:5      | Reached skill level 2 in Evocations
  5852 | D:5      | Reached XP level 8. HP: 58/64 MP: 1/11
  6364 | D:6      | Found a staircase to the Ecumenical Temple.
  6375 | D:6      | Reached skill level 5 in Stealth
  6376 | Temple   | Entered the Ecumenical Temple
  6383 | Temple   | Became a worshipper of Dithmenos the Shadowed
  6449 | D:6      | Reached skill level 2 in Fighting
  6449 | D:6      | Reached skill level 3 in Evocations
  6522 | D:6      | Found a broken altar of Ashenzari.
  6669 | D:6      | Reached skill level 3 in Spellcasting
  6801 | D:6      | Found a glowing drain.
  6806 | Sewer    | Entered a sewer
  6892 | Sewer    | Reached skill level 4 in Evocations
  7023 | Sewer    | Reached * piety under Dithmenos
  7064 | Sewer    | Reached skill level 6 in Stealth
  7168 | Sewer    | Reached skill level 3 in Fighting
  7182 | Sewer    | Reached ** piety under Dithmenos
  7945 | D:7      | Found a broken altar of Ashenzari.
  7960 | D:7      | Reached skill level 5 in Evocations
  7974 | D:7      | Gained mutation: You passively map the area around you.
                  | [Deep Dwarf growth]
  7974 | D:7      | Reached XP level 9. HP: 65/75 MP: 5/14
  7978 | D:7      | Reached skill level 4 in Spellcasting
  8141 | D:7      | Reached skill level 7 in Stealth
  8159 | D:7      | Found a white marble altar of Elyvilon.
  8302 | D:7      | Got a faintly humming robe
  8312 | D:7      | Identified the +2 robe "Pedennime" {*Drain rF- rCorr Int+4}
                  | (You found it on level 7 of the Dungeon)
  8400 | D:7      | Reached skill level 6 in Evocations
  8436 | D:7      | Noticed Pikel
  8449 | D:7      | Killed Pikel
  8450 | D:7      | Reached skill level 8 in Stealth
  8450 | D:7      | Reached skill level 5 in Spellcasting
  8718 | D:7      | Noticed Menkaure
  8914 | D:7      | Found an iron altar of Okawaru.
  8915 | D:7      | Found a shimmering blue altar of Sif Muna.
  9037 | D:7      | Reached skill level 1 in Invocations
  9276 | D:8      | Reached skill level 2 in Invocations
  9365 | D:8      | Found an ornate altar of the Wu Jian Council.
  9592 | D:8      | Reached skill level 9 in Stealth
  9594 | D:8      | Reached *** piety under Dithmenos
  9627 | D:8      | Reached skill level 3 in Invocations
  9751 | D:8      | Learned a level 5 spell: Agony
  9756 | D:8      | Learned a level 4 spell: Petrify
  9833 | D:8      | You fall into a shaft and drop 3 floors!
  9844 | D:11     | Noticed a cyclops
  9854 | D:11     | Killed a cyclops
  9855 | D:11     | Reached skill level 7 in Evocations
  9855 | D:11     | Reached XP level 10. HP: 39/84 MP: 0/18
 10010 | D:11     | Reached skill level 1 in Shields
 10120 | D:11     | Noticed Fannar
 10208 | D:11     | Learned a level 1 spell: Animate Skeleton
 10322 | D:10     | Entered Level 10 of the Dungeon
 10519 | D:9      | Got an ancient iron ring
 10521 | D:9      | Identified the ring of Impatience {+Inv rPois rCorr Str-3
                  | Dex+8} (You found it on level 9 of the Dungeon)
 10560 | D:9      | Found Cecet's Distillery.
 10563 | D:9      | Bought a potion of curing for 48 gold pieces
 10690 | D:8      | Reached skill level 4 in Invocations
 10754 | D:8      | You fall into a shaft and drop 1 floor!
 10934 | D:8      | Your magical essence is drained by the effort!
 10937 | D:8      | Reached skill level 2 in Shields
 11099 | D:9      | Identified Ytotoc Olar's Catalogue of Conjuration
 11269 | D:9      | Found Jootymia's Weapon Emporium.
 11801 | D:9      | Noticed a two-headed ogre
 11836 | D:9      | Reached skill level 6 in Spellcasting
 12442 | D:3      | Reached skill level 3 in Shields
 12614 | D:4      | Reached skill level 5 in Invocations
 12614 | D:4      | Reached skill level 8 in Evocations
 12801 | D:5      | Reached skill level 10 in Stealth
 13043 | D:10     | Found a staircase to the Lair.
 13052 | D:10     | Noticed an oklob plant
 13270 | D:10     | Noticed Grum
 13283 | D:10     | Killed Grum
 13473 | D:10     | Noticed Psyche
 13482 | D:10     | Killed Psyche
 13483 | D:10     | Reached skill level 11 in Necromancy
 13588 | D:10     | Reached skill level 4 in Shields
 14051 | D:10     | Noticed Snorg
 14270 | D:10     | Noticed a gargoyle
 14544 | D:10     | Killed a gargoyle
 14545 | D:10     | Reached skill level 6 in Invocations
 14545 | D:10     | Reached XP level 11. HP: 90/90 MP: 19/19
 14558 | D:10     | Found a sacrificial altar of Ru.
 14600 | Lair:1   | Entered Level 1 of the Lair of Beasts
 15180 | Lair:2   | Reached skill level 9 in Evocations
 15374 | D:11     | Noticed an unseen horror
 15382 | D:11     | Killed an unseen horror
 15383 | D:11     | Reached skill level 3 in Dodging
 15570 | D:11     | Reached **** piety under Dithmenos
 15827 | D:11     | Killed Fannar
 15987 | D:11     | Reached skill level 7 in Invocations
 16383 | D:11     | Noticed Nergalle
 16388 | D:11     | Killed Nergalle
 16516 | D:11     | You fall into a shaft and drop 2 floors!
 16551 | D:12     | Reached skill level 4 in Fighting
 16551 | D:12     | Reached skill level 11 in Stealth
 16573 | D:12     | Reached skill level 4 in Dodging
 16665 | D:12     | Noticed an orc knight
 16698 | D:12     | Killed an orc knight
 16952 | D:12     | Found a roughly hewn altar of Beogh.
 16952 | D:12     | Found a staircase to the Orcish Mines.
 17225 | D:12     | Found a portal to a secret trove of treasure.
 17558 | D:12     | Found Viopsok's Magic Scroll Shoppe.
 17566 | D:12     | Noticed an unseen horror
 17570 | D:12     | Killed an unseen horror
 17670 | D:12     | Learned a level 2 spell: Blink
 17698 | D:12     | Reached skill level 10 in Evocations
 17818 | D:12     | Reached ***** piety under Dithmenos
 17945 | D:12     | Noticed a two-headed ogre
 18112 | D:12     | Noticed a boulder beetle
 18139 | D:12     | Killed a boulder beetle
 18140 | D:12     | Reached skill level 5 in Dodging
 18140 | D:12     | Reached skill level 8 in Invocations
 18276 | D:12     | Noticed Gastronok
 18604 | D:11     | Reached XP level 12. HP: 51/100 MP: 7/20
 19414 | D:11     | Noticed an eight-headed hydra
 19926 | Orc:1    | Entered Level 1 of the Orcish Mines
 20072 | Orc:1    | Reached skill level 12 in Necromancy
 20158 | Orc:1    | Reached skill level 5 in Fighting
 20453 | Orc:2    | Entered Level 2 of the Orcish Mines
 20581 | Orc:1    | Reached skill level 1 in Short Blades
 21013 | Orc:1    | Noticed Jorgrun
 21025 | Orc:1    | Killed Jorgrun
 21026 | Orc:1    | Reached skill level 6 in Dodging
 21142 | Orc:2    | Reached skill level 2 in Short Blades
 21142 | Orc:2    | Reached skill level 12 in Stealth
 21142 | Orc:2    | Reached skill level 9 in Invocations
 21649 | Orc:1    | Reached ****** piety under Dithmenos
 21945 | Orc:1    | Found Ysenlez's Distillery.
 22360 | Orc:2    | Reached skill level 11 in Evocations
 22384 | Orc:2    | Found a staircase to the Elven Halls.
 22702 | Orc:2    | Noticed an orc warlord
 23081 | Orc:1    | Killed an orc warlord
 23082 | Orc:1    | Reached skill level 3 in Short Blades
 23618 | Orc:2    | Reached skill level 6 in Fighting
 24076 | Orc:2    | Reached skill level 7 in Dodging
 24139 | Orc:2    | Noticed an orc high priest
 24181 | Orc:2    | Killed an orc high priest
 24537 | Orc:2    | Noticed an orc high priest
 24551 | Orc:2    | Gained mutation: Your spells are a little harder to cast,
                  | but a little more powerful. [a neqoxec]
 24557 | Orc:2    | Killed an orc high priest
 24561 | Orc:2    | Reached skill level 10 in Invocations
 24860 | Orc:2    | Reached skill level 1 in Armour
 24860 | Orc:2    | Reached XP level 13. HP: 83/111 MP: 6/21
 25139 | Orc:2    | Noticed an orc warlord
 25331 | Orc:2    | Killed an orc warlord
 25332 | Orc:2    | Reached skill level 4 in Short Blades
 25733 | Orc:2    | Reached skill level 2 in Armour
 26550 | Orc:2    | Found Viestrune's Antique Armour Shoppe.
 26551 | Orc:2    | Found Yxeluwum's Antique Weapon Emporium.
 26553 | Orc:2    | Found Vustiwka's General Store.
 26553 | Orc:2    | Found Nasoli's Jewellery Shoppe.
 26570 | Orc:2    | Bought the +4 scale mail of Recklessness {Int+3 Dex+6 SInv}
                  | for 541 gold pieces
 26581 | Orc:2    | Bought the amulet of Cakkoz {Inacc rF++ rN+} for 277 gold
                  | pieces
 27213 | Lair:2   | Reached skill level 12 in Evocations
 27252 | Lair:2   | Identified a scroll of acquirement
 27252 | Lair:2   | Acquired a +0 helmet of intelligence
 27391 | Lair:2   | Reached skill level 3 in Armour
 28107 | Lair:2   | Reached skill level 5 in Shields
 28322 | Lair:2   | Found a snail-covered altar of Cheibriados.
 28702 | Lair:2   | Found a staircase to the Swamp.
 28704 | Lair:2   | Reached skill level 4 in Armour
 28704 | Lair:2   | Reached skill level 11 in Invocations
 28715 | Lair:2   | Learned a level 1 spell: Apportation
 28946 | Lair:2   | Noticed Harold
 28953 | Lair:2   | Killed Harold
 28954 | Lair:2   | Reached skill level 1 in Translocations
 28954 | Lair:2   | Reached skill level 1 in Earth Magic
 29391 | Lair:3   | Reached skill level 2 in Earth Magic
 29640 | Lair:3   | Reached skill level 2 in Translocations
 30063 | Lair:3   | Found a staircase to the Snake Pit.
 30064 | Lair:3   | Noticed Sonja
 30104 | Lair:3   | Killed Sonja
 30105 | Lair:3   | Reached skill level 5 in Armour
 30105 | Lair:3   | Reached skill level 3 in Earth Magic
 30798 | Lair:1   | Reached skill level 3 in Translocations
 31245 | D:13     | Reached skill level 4 in Earth Magic
 31893 | D:15     | Entered Level 15 of the Dungeon
 31893 | D:15     | Noticed Louise
 31902 | D:15     | Killed Louise
 31907 | D:15     | Reached skill level 12 in Invocations
 32215 | D:14     | Reached skill level 6 in Armour
 32309 | D:14     | Reached skill level 4 in Translocations
 32383 | D:14     | Learned a level 4 spell: Animate Dead
 32386 | D:15     | Paralysed by an orc sorcerer for 3 turns
 32393 | D:15     | Reached skill level 5 in Earth Magic
 33079 | Lair:2   | Gained mutation: You resist negative energy. (rN+) [Deep
                  | Dwarf growth]
 33079 | Lair:2   | Reached XP level 14. HP: 118/120 MP: 0/22
 33490 | Lair:3   | Reached skill level 6 in Earth Magic
 33565 | Lair:2   | Reached skill level 5 in Translocations
 34410 | Snake:1  | Entered Level 1 of the Snake Pit
 34579 | Snake:1  | Reached skill level 7 in Fighting
 34707 | Snake:2  | Reached skill level 7 in Earth Magic
 34839 | Snake:2  | Found Eckatiy's Gadget Emporium.
 34840 | Snake:2  | Found Ibryveg's Jewellery Shop.
 34840 | Snake:2  | Found Rilaq's Jewellery Shop.
 34931 | Snake:2  | Bought a wand of paralysis (9) for 154 gold pieces
 34933 | Snake:2  | Bought an uncursed ring of stealth for 245 gold pieces
 35100 | Snake:3  | Learned a level 1 spell: Summon Small Mammal
 35359 | Snake:3  | Upgraded the game from 0.26-b1-57-gb162d0664a to
                  | 0.26.0-3-g156281e41b
 35801 | Snake:4  | Entered Level 4 of the Snake Pit
 35801 | Snake:4  | Noticed Vashnia
 35809 | Snake:4  | Reached skill level 7 in Spellcasting
 35813 | Snake:4  | Killed Vashnia
 35814 | Snake:4  | Reached skill level 7 in Armour
 35814 | Snake:4  | Reached skill level 6 in Translocations
 36159 | Snake:4  | Noticed a nagaraja
 36276 | Snake:4  | Reached skill level 8 in Fighting
 37036 | Snake:4  | Reached skill level 7 in Translocations
 37192 | Snake:4  | Noticed a nagaraja
 37413 | Snake:4  | Killed a nagaraja
 37665 | Snake:4  | Noticed a nagaraja
 37676 | Snake:4  | Noticed a nagaraja
 37681 | Snake:4  | Noticed a nagaraja
 37681 | Snake:4  | Noticed Aizul
 37699 | Snake:4  | Noticed a nagaraja
 38203 | Snake:4  | Reached skill level 8 in Armour
 38361 | Snake:4  | Killed a nagaraja
 38362 | Snake:4  | Reached skill level 8 in Spellcasting
 38362 | Snake:4  | Reached XP level 15. HP: 88/118 MP: 10/26
 39010 | Snake:4  | Killed Aizul
 39011 | Snake:4  | Reached skill level 8 in Translocations
 39139 | Snake:4  | Noticed a nagaraja
 39151 | Snake:4  | Killed a nagaraja
 39668 | Snake:4  | Reached skill level 9 in Armour
 40167 | Snake:4  | Killed a nagaraja
 40275 | Snake:4  | Noticed a nagaraja
 40282 | Snake:4  | Noticed a nagaraja
 40287 | Snake:4  | Noticed a nagaraja
 40292 | Snake:4  | Got a serpentine rune of Zot
 40381 | Snake:4  | Killed a nagaraja
 40682 | Snake:4  | Reached skill level 9 in Translocations
 41043 | Lair:6   | Entered Level 6 of the Lair of Beasts
 41053 | Lair:5   | Reached skill level 9 in Spellcasting
 41385 | Lair:5   | Found a runed translucent door.
 41386 | Lair:5   | Noticed Qeimiotua's ghost (journeyman MiFi)
 41392 | Lair:5   | Identified the +0 trident of the Vestibule of Hell {venom,
                  | rElec SInv}
 41796 | Lair:6   | Learned a level 5 spell: Borgnjor's Vile Clutch
 42094 | Lair:6   | Reached skill level 10 in Armour
 43422 | Orc:1    | Bought a potion of haste for 130 gold pieces
 43612 | D:9      | Bought a potion of haste for 160 gold pieces
 43612 | D:9      | Bought a potion of haste for 160 gold pieces
 43612 | D:9      | Bought a potion of magic for 128 gold pieces
 43689 | Swamp:1  | Entered Level 1 of the Swamp
 43707 | Lair:2   | Reached skill level 10 in Spellcasting
 44340 | Swamp:4  | Entered Level 4 of the Swamp
 44376 | Swamp:4  | Reached skill level 8 in Dodging
 44677 | Swamp:4  | Noticed a thorn hunter
 44684 | Swamp:4  | Found a basalt altar of Yredelemnul.
 44694 | Swamp:4  | Got a decaying rune of Zot
 44710 | Swamp:4  | HP: 1/118 [will-o-the-wisp/foxfire (17)]
 44710 | Swamp:4  | Mangled by an eight-headed hydra simulacrum

Illustrated notes

Levels and vault maps discovered:
D:1:      dpeg_arrival_circle_labyrinth_a, layout_basic,
          minmay_misc_feat_ornament
D:2:      layout_loops_ring, lemuel_round_altar, uniq_jessica,
          uniq_crazy_yiuf_cottage
D:3:      layout_loops_ring, marbit_many_paths, uniq_grinder
D:4:      layout_basic, lemuel_round_altar, xom_confusion_cloud,
          minmay_misc_feat_hallway
D:5:      layout_loops_cross, cheibriados_altar_1
D:6:      layout_gridville, evilmike_ruin_ashenzari, temple_statues,
          portal_sewer_entry_e
D:7:      layout_loops_ring, old_standard_altar,
          gammafunk_temple_overflow_statue, basic_altar, uniq_pikel,
          uniq_menkaure
D:8:      layout_gridville, old_standard_altar, minmay_misc_feat_tower,
          minmay_bent
D:9:      layout_grid_maze, serial_shops, kennysheep_mini,
          nicolae_shop_temple_entry_statues_fountains
D:10:     minmay_polygon_palace, layout_long_grid, dpeg_oklobed_lair,
          nicolae_ru_the_path_less_chosen, uniq_psyche, uniq_snorg, uniq_grum
D:11:     kb_forest_paths, layout_stronghold, grunt_decor_clamped,
          uniq_nergalle, uniq_fannar
D:12:     layout_grid_maze, david_orc_5, enter_trove_6, serial_shops, shop,
          uniq_gastronok
D:13:     layout_grid_maze
D:14:     layout_roguey, lightli_vaults_fourway_checkpoint, elyvilon_altar_1
D:15:     gammafunk_depths_entry_grave, layout_gridville, basic_altar,
          minmay_guarded_unrand_variability, uniq_louise
Temple:   nicolae_temple_x_marks_the_god
Lair:1:   lemuel_slime, layout_layer_cave, infiniplex_staircase_pool_2
Lair:2:   layout_chaotic_city, minmay_swamp_entry_swarm,
          kennysheep_snail_temple, uniq_harold
Lair:3:   layout_cave_pods, minmay_snake_entry_guardpost_small,
          grunt_megastairs_4, infiniplex_staircase_pool, serial_bayou_shore_b,
          uniq_sonja
Lair:4:   layout_hall_layers
Lair:5:   layout_cave_pods, ebering_ghost_funeral_grove
Lair:6:   minmay_lair_end_frog_pond, layout_small_grid, slime_altar_1,
          chequers_serial_rivers_room_b, serial_bayou_lagoon_a
Swamp:1:  layout_falls_marsh, evilmike_swamp_ruin_rubble_2
Swamp:2:  layout_falls_marsh, evilmike_swamp_ruin_house_5
Swamp:3:  layout_basic_swamp, nicolae_swamp_feature_on_the_river_bank,
          nicolae_swamp_baby_hydras
Swamp:4:  byrel_swamp_growth_death_and_undeath, layout_basic_swamp
Snake:1:  layout_onion_interference, ebering_ghost_disaster_area,
          grunt_megastairs_3
Snake:2:  nicolae_snakescales, layout_onion_interference, minmay_shop_grove
Snake:3:  layout_cave_town, uniq_mara
Snake:4:  grunt_snake_rune_spirals, layout_onion, serial_bayou_shore_a,
          serial_bayou_shore_b, serial_bayou_shore_b, uniq_aizul, uniq_nikola,
          uniq_vashnia
Orc:1:    layout_diamond_mine, serial_shops, shop, minmay_orc_barracks,
          uniq_jorgrun
Orc:2:    st_orc_congregation, layout_diamond_mine

Skill      XL: |  1  2  3  4  5  6  7  8  9 10 11 12 13 14 15 |
---------------+----------------------------------------------+-----
Stealth        | 3 4 6 9 10 11 12 | 12.0
Necromancy     | 5 6 7 9 10 11 12 | 12.0
Spellcasting   | 2 3 5 6 8 10 | 10.1
Evocations     | 2 5 7 8 10 11 12 | 12.0
Fighting       | 1 3 4 6 8 |  8.3
Invocations    | 3 6 8 10 12 | 12.0
Shields        | 4 5 |  5.0
Dodging        | 5 7 8 |  8.1
Short Blades   | 3 4 |  4.2
Armour         | 1 6 8 10 | 10.0
Translocations | 4 7 9 |  9.3
Earth Magic    | 5 7 |  7.7

Action                   |  1- 3 |  4- 6 |  7- 9 | 10-12 | 13-15 || total
-------------------------+-------+-------+-------+-------+-------++-------
Melee: Short sword       |    37 |    51 |       |       |       ||    88
       Hand axe          |       |     1 |   239 |    86 |    52 ||   378
       Staff             |       |       |       |   169 |   322 ||   491
       Dagger            |       |       |       |    48 |     2 ||    50
 Cast: Pain              |    56 |    36 |    18 |   147 |   166 ||   423
       Vampiric Draining |       |    46 |    75 |   337 |   444 ||   902
       Agony             |       |       |       |    32 |    79 ||   111
       Animate Skeleton  |       |       |       |     1 |       ||     1
       Apportation       |       |       |       |       |    24 ||    24
       Blink             |       |       |       |       |    16 ||    16
       Animate Dead      |       |       |       |       |     1 ||     1
Invok: Shadow Step       |       |       |       |       |     6 ||     6
       Shadow Form       |       |       |       |       |     2 ||     2
 Abil: Heal Wounds       |       |       |       |     1 |     6 ||     7
       Evoke Invisibilit |       |       |       |     2 |       ||     2
Evoke: Wand              |       |       |       |    11 |    15 ||    26
       Tin of tremorston |       |       |       |       |     7 ||     7
  Use: Scroll            |       |       |       |    27 |    17 ||    44
       Potion            |       |       |       |       |     5 ||     5
 Stab: Sleeping          |     1 |     3 |    13 |     3 |     3 ||    23
       Paralysed         |       |       |       |     6 |       ||     6
       Confused          |       |       |       |     1 |       ||     1
       Invisible         |       |       |       |     8 |       ||     8
       Distracted        |       |       |       |     1 |     2 ||     3
Armor: Robe              |     3 |     8 |    27 |    97 |     4 ||   139
       Troll leather arm |       |     2 |   105 |       |       ||   107
       Scale mail        |       |       |       |       |   365 ||   365
Dodge: Dodged            |    16 |    52 |   243 |   423 |   889 ||  1623
       Repelled          |       |     1 |     2 |     3 |    38 ||    44
Block: Kite shield       |       |       |     4 |   297 |    34 ||   335
       Reflection        |       |       |       |    10 |     1 ||    11
       Buckler           |       |       |       |       |   395 ||   395
